 Dungeon Sprint DCSS version 0.24-a0-537-g2d01d4a (webtiles) character file.

Game seed: 18243406279667819613

21647 Faca the Phalangite (level 12, -8/108 HPs)
             Began as a Merfolk Gladiator on Aug 16, 2019.
             Was the Champion of the Shining One.
             Shot with an arrow by a deep elf master archer (25 damage)
             ... in the Dungeon (Sprint V: "Ziggurat Sprint").
             The game lasted 00:10:34 (1313 turns).

Faca the Phalangite (Merfolk Gladiator)             Turns: 1313, Time: 00:10:35

Health: -8/108     AC: 27    Str: 30    XL:     12   Next: 92%
Magic:  2/20       EV: 22    Int:  7    God:    the Shining One [******]
Gold:   0          SH: 18    Dex: 20    Spells: 11/11 levels left

rFire    + . .     SeeInvis +   L - +8 lance "Wyrmbane" {slay drac, rPois rF+ rC+ AC+3}
rCold    + . .     Gourm    .   o - +3 shield
rNeg     + + +     Faith    .   m - +5 storm dragon scales
rPois    +         Spirit   .   S - +0 helmet {SInv}
rElec    +         Reflect  .   (no cloak)
rCorr    .         Harm     .   O - +0 pair of gloves {Dex+3}
MR       .....     NoTele   +   P - +1 pair of boots {Stlth+}
Stlth    ..........             (no amulet)
HPRegen  0.28/turn              J - +6 ring of strength
MPRegen  0.17/turn              K - +6 ring of strength

@: lethally poisoned (-8 -> -9), glowing, studying Polearms
A: change form in water, swift swim, stealthy swim, screaming 1
a: Divine Shield, Cleansing Flame, Summon Divine Warrior, Renounce Religion


You were in the Dungeon.
You worshipped the Shining One.
The Shining One was exalted by your worship.
You were hungry.

You visited 1 branch

Inventory:

Hand Weapons
 L - the +8 lance "Wyrmbane" (weapon) {slay drac, rPois rF+ rC+ AC+3}
   (You found it in the Dungeon)

   It affects your AC (+3).
   It protects you from fire.
   It protects you from cold.
   It protects you from poison.
 M - a +7 trishula of holy wrath
 Q - the +8 trident of the Octopus King {venom, rElec rPois MR+}
   (You found it in the Dungeon)

   It poisons the flesh of those it strikes.
   It insulates you from electricity.
   It protects you from poison.
   It affects your resistance to hostile enchantments.
Missiles
 d - 3 throwing nets (quivered)
Armour
 l - +5 gold dragon scales
 m - +5 storm dragon scales (worn)
 n - a +3 large shield
 o - a +3 shield (worn)
 O - a +0 pair of gloves of dexterity (worn)
 P - a +1 pair of boots of stealth (worn)
 S - a +0 helmet of see invisible (worn)
Jewellery
 c - an uncursed ring of protection from fire
 z - the ring of Kufeutwa {rF+ SInv}
   (You found it in the Dungeon)

   [ring of protection from fire]

   It protects you from fire.
   It lets you see invisible.
 E - an uncursed ring of flight
 F - a +6 ring of dexterity
 G - a +6 ring of dexterity
 H - a +6 ring of intelligence
 I - a +6 ring of intelligence
 J - a +6 ring of strength (left hand)
 K - a +6 ring of strength (right hand)
 N - an uncursed ring of resist corrosion
 R - the ring "Hualini" {Wiz -Tele rElec rF+++ MP+9}
   (You took it off a deep elf high priest in the Dungeon)

   [ring of wizardry]

   It improves your spell success rate.
   It renders you almost immune to fire.
   It insulates you from electricity.
   It affects your magic capacity (+9).
   It prevents most forms of teleportation.
Wands
 y - a wand of disintegration (7)
 C - a wand of iceblast (7)
 D - a wand of acid (7)
Scrolls
 a - 4 scrolls of enchant armour
 k - 4 scrolls of blinking
 p - 4 scrolls of amnesia
 q - 7 scrolls of fog
 r - a scroll of holy word
 s - 5 scrolls of identify
 t - 5 scrolls of remove curse
 u - 2 scrolls of fear
Potions
 e - 10 potions of curing
 g - 4 potions of heal wounds
 h - 14 potions of haste
 i - 7 potions of magic
 j - 2 potions of berserk rage
 v - 2 potions of brilliance
 w - 2 potions of invisibility
 x - 4 potions of resistance
 A - 5 potions of agility
 B - 5 potions of might
Books
 b - a manual of Polearms
Comestibles
 f - 7 rations


   Skills:
 + Level 14.5 Fighting
 + Level 23.4 Polearms
 - Level 2.0 Throwing
 - Level 10.1 Armour
 + Level 17.9 Dodging
 + Level 14.1 Shields
 + Level 11.2 Invocations


You had 11 spell levels left.
You didn't know any spells.
Your spell library contained the following spells:

 Spells                   Type           Power        Failure   Level  Hunger
 Apportation              Tloc           #.....       90%         1    ##.....
 Infusion                 Chrm           #...         90%         1    ##.....
 Sandblast                Erth           #.....       90%         1    ##.....
 Summon Butterflies       Summ           #.......     90%         1    ##.....
 Summon Small Mammal      Summ           #...         90%         1    ##.....
 Call Imp                 Summ           #.......     97%         2    ###....
 Passwall                 Tmut/Erth      #.......     97%         2    ###....
 Poisonous Vapours        Pois/Air       #.....       97%         2    ###....
 Call Canine Familiar     Summ           #.......     99%         3    ####...
 Conjure Flame            Conj/Fire      #.......     99%         3    ####...
 Ignite Poison            Fire/Tmut/Pois #.......     99%         3    ####...
 Lesser Beckoning         Tloc           #.........   99%         3    ####...
 Mephitic Cloud           Conj/Pois/Air  #.......     99%         3    ####...
 Ozocubu's Armour         Chrm/Ice       #.......     99%         3    ####...
 Spider Form              Tmut/Pois      #.........   99%         3    ####...
 Stone Arrow              Conj/Erth      #.....       99%         3    ####...
 Summon Guardian Golem    Hex/Summ       #.......     99%         3    ####...
 Tukima's Dance           Hex            #.......     99%         3    ####...
 Petrify                  Tmut/Erth      #.......     100%        4    #####..
 Summon Ice Beast         Ice/Summ       #.......     100%        4    #####..
 Summon Lightning Spire   Summ/Air       #.......     100%        4    #####..
 Alistair's Intoxication  Tmut/Pois      #.......     100%        5    ######.
 Lee's Rapid Deconstruct  Erth           #.........   100%        5    ######.
 Venom Bolt               Conj/Pois      #.........   100%        5    ######.
 Freezing Cloud           Conj/Ice/Air   #.........   100%        6    #######
 Invisibility             Hex            #.......     100%        6    #######
 Haunt                    Necr/Summ      #.........   100%        7    #######
 Ring of Flames           Chrm/Fire      #.........   100%        7    #######
 Borgnjor's Revivificati  Necr           #.........   100%        8    #######
 Death's Door             Chrm/Necr      #.........   100%        8    #######
 Infestation              Necr           #.........   100%        8    #######
 Necromutation            Tmut/Necr      #.........   100%        8    #######


Dungeon Overview and Level Annotations

Branches:
Dungeon (1/1)

Altars:
Ashenzari
Cheibriados
Dithmenos
Elyvilon
Fedhas
Gozag
Hepliaklqana
Kikubaaqudgha
Makhleb
Nemelex Xobeh
Okawaru
Qazlal
Ru
Sif Muna
Trog
Uskayaw
Vehumet
Wu Jian
Xom
Yredelemnul
Zin
The Shining One
Beogh
Jiyva
Lugonu


Innate Abilities, Weirdness & Mutations

You revert to your normal form in water.
You are very nimble and swift while swimming.
You are very stealthy in the water. (Stealth+)
You occasionally shout uncontrollably at your foes.


Message History

The deep elf mage is heavily wounded.
The golden flame engulfs the deep elf master archer!!
The deep elf master archer is moderately wounded.
The golden flame engulfs the deep elf knight!!
The deep elf knight is heavily wounded.
The golden flame engulfs the deep elf sorcerer!!
The deep elf sorcerer is almost dead.
The golden flame engulfs the deep elf master archer!!
The deep elf master archer is heavily wounded.
You feel somewhat more hungry.
You are no longer corroded.
You feel sick.
The deep elf sorcerer hits you but does no damage.
The deep elf master archer shoots an arrow.
The arrow hits you but does no damage.
The deep elf master archer shoots an arrow.
You block the arrow. You block the deep elf knight's attack.
The deep elf master archer shoots an arrow.
The arrow hits you!!
You die...

▓....©)...▓..
...}}..)"..▓▓▓▓▓▓▓▓▓▓▓▓▓
▓...)[|}}...▓...8©8...▓..
▓...........▓..[}.})..▓..
▓...........▓...).....▓..
▓...........▓.........▓..
▓...........▓.........▓..
▓......e....▓.........▓..
▓......e@e..▓.........▓..
▓......eee).▓.▓))...▓.▓)▓
▓.....©.(().▓...†©....▓((
▓▓▓▓▓▓▓▓▓▓▓▓▓▓▓▓▓▓▓▓▓▓▓▓▓
▓...8©8...▓...8©8...▓...8
▓..|).||..▓..|)|}...▓..|)
▓..|))=...▓..})::)..▓....
▓.........▓.........▓....
▓....)....▓.........▓....


You could see 2 deep elf master archers, a deep elf sorcerer, a deep elf knight
and 2 deep elf magi.

Vanquished Creatures
  A bone dragon (D)
  A deep elf blademaster (D)
  3 deep elf sorcerers (D)
  A deep elf annihilator (D)
  A deep elf high priest (D)
  2 dancing weapons (D)
  A wretched star (D)
  3 deep elf archers (D)
  A shining eye (D)
  A cyclops (D)
  3 deep elf magi (D)
  A manticore (shapeshifter) (D)
  An ugly thing (D)
  3 naga magi (D)
  2 black mambas (D)
  A hellion (D)
  An efreet (D)
  3 merfolk (D)
  A meliai (shapeshifter) (D)
  A yak (D)
  2 spriggans (D)
  A hog (shapeshifter) (D)
  2 water elementals (D)
  3 neqoxecs (D)
  3 nagas (D)
  An acid dragon (shapeshifter) (D)
  4 water moccasins (D)
  2 porcupines (D)
  4 black bears (D)
  2 necrophages (D)
  3 wolves (D)
  4 centaurs (D)
  A tengu (shapeshifter) (D)
  An earth elemental (D)
  A wight (D)
  A quasit (D)
  An iron imp (D)
  3 iguanas (D)
  An adder (D)
  2 river rats (D)
  2 ufetubi (D)
  A bat zombie (D)
77 creatures vanquished.

Vanquished Creatures (others)
  A shadow imp (D)
  A white imp (D)
  An ufetubus (D)
  An adder zombie (D)
4 creatures vanquished.

Grand Total: 81 creatures vanquished

Notes
Turn   | Place    | Note
-------+----------+-------------------------------------------
     0 | D        | Faca the Merfolk Gladiator began the quest for the Orb.
     0 | D        | Reached XP level 1. HP: 16/16 MP: 1/1
     3 | D        | Found a blossoming altar of Fedhas.
     4 | D        | Found the +6 Majin-Bo {vamp, Archmagi MP+6 Int+6}
     4 | D        | Found the +7 great mace "Firestarter" {inner flame, rF++}
     5 | D        | Found a viscous altar of Jiyva.
     5 | D        | Found a hazy altar of Hepliaklqana.
     5 | D        | Found a transporter.
     5 | D        | Found an opulent altar of Gozag.
     5 | D        | Found an ancient bone altar of Kikubaaqudgha.
     5 | D        | Found a corrupted altar of Lugonu.
     8 | D        | Found a burning altar of Makhleb.
     9 | D        | Found a sacrificial altar of Ru.
     9 | D        | Found a stormy altar of Qazlal.
     9 | D        | Found a shimmering blue altar of Sif Muna.
     9 | D        | Found an iron altar of Okawaru.
     9 | D        | Found a bloodstained altar of Trog.
     9 | D        | Found a sparkling altar of Nemelex Xobeh.
    27 | D        | Found the +6 shillelagh "Devastator" {shatter}
    27 | D        | Found the +11 plutonium sword {*Contam Stlth-}
    27 | D        | Found the +8 lance "Wyrmbane" {slay drac, rPois rF+ rC+
                  | AC+3}
    27 | D        | Found the +9 sword of Zonguldrok {reap}
    27 | D        | Found the cursed +13 scythe of Curses {drain, *Curse}
    27 | D        | Found the +0 sword of Power
    27 | D        | Found the +7 mace of Variability {chain chaos}
    27 | D        | Found the +7 Singing Sword {slice, sonic wave}
    27 | D        | Found the +8 storm bow {elec, penet}
    30 | D        | Found the +9 heavy crossbow "Sniper" {velocity, Acc+∞ SInv}
    30 | D        | Found the +10 dark maul {crush}
    30 | D        | Found the +15 Maxwell's patent armour {-Cast -Tele rElec
                  | MR+ rCorr}
    30 | D        | Found the +18 shield of the Gong {rElec rN+ MR+ EV-5}
    30 | D        | Found the cursed +14 obsidian axe {chop, +Fly SInv *Curse}
    67 | D        | Became a worshipper of the Shining One
    92 | D        | Reached skill level 7 in Polearms
    92 | D        | Reached XP level 2. HP: 22/22 MP: 2/2
    98 | D        | Entered arena 2.
    98 | D        | Noticed a merfolk
    98 | D        | Noticed a merfolk
    98 | D        | Found a transporter.
   118 | D        | Killed a merfolk
   118 | D        | Reached skill level 11 in Polearms
   118 | D        | Reached XP level 3. HP: 8/31 MP: 3/3
   118 | D        | Reached XP level 4. HP: 10/38 MP: 4/4
   118 | D        | Reached XP level 5. HP: 12/43 MP: 5/5
   118 | D        | Reached XP level 6. HP: 14/49 MP: 6/6
   131 | D        | Killed a merfolk
   131 | D        | Reached skill level 5 in Fighting
   131 | D        | Reached skill level 13 in Polearms
   131 | D        | Reached XP level 7. HP: 22/57 MP: 7/7
   316 | D        | Got the Tome of Neurosis
   319 | D        | Entered arena 3.
   319 | D        | Reached * piety under the Shining One
   319 | D        | Reached ** piety under the Shining One
   319 | D        | Found a transporter.
   330 | D        | Got the ring of Kufeutwa {rF+ SInv}
   334 | D        | Entered arena 4.
   334 | D        | Reached *** piety under the Shining One
   334 | D        | Reached **** piety under the Shining One
   334 | D        | Found a transporter.
   340 | D        | Reached skill level 10 in Dodging
   343 | D        | Reached ***** piety under the Shining One
   343 | D        | Reached skill level 14 in Polearms
   353 | D        | Entered arena 5.
   353 | D        | Found a transporter.
   375 | D        | Entered arena 6.
   375 | D        | Noticed a yak
   375 | D        | Found a transporter.
   379 | D        | Reached XP level 8. HP: 57/67 MP: 8/8
   390 | D        | Killed a yak
   390 | D        | Reached skill level 15 in Polearms
   433 | D        | Entered arena 7.
   433 | D        | Noticed a naga mage
   433 | D        | Noticed a naga mage
   433 | D        | Noticed a naga mage
   433 | D        | Noticed a black mamba
   444 | D        | Killed a black mamba
   444 | D        | Reached skill level 5 in Armour
   451 | D        | Killed a naga mage
   451 | D        | Reached XP level 9. HP: 56/75 MP: 9/9
   453 | D        | Found a transporter.
   461 | D        | Killed a naga mage
   461 | D        | Reached skill level 16 in Polearms
   470 | D        | Killed a naga mage
   470 | D        | Reached skill level 10 in Shields
   557 | D        | Entered arena 8.
   557 | D        | Noticed a cyclops
   557 | D        | Reached ****** piety under the Shining One
   557 | D        | Noticed a merfolk
   558 | D        | Identified the +4 broad axe of Gytil {drain, +Rage rF+}
   574 | D        | Killed a merfolk
   574 | D        | Reached skill level 10 in Fighting
   582 | D        | Killed a cyclops
   582 | D        | Reached XP level 10. HP: 64/85 MP: 10/10
   589 | D        | Found a transporter.
   674 | D        | Entered arena 9.
   674 | D        | Noticed a black mamba
   675 | D        | Found the +8 trident of the Octopus King {venom, rElec
                  | rPois MR+}
   685 | D        | Killed a black mamba
   685 | D        | Reached skill level 17 in Polearms
   685 | D        | Reached skill level 1 in Invocations
   704 | D        | Found a transporter.
   714 | D        | Entered arena 10.
   748 | D        | Found a transporter.
   780 | D        | Entered arena 11.
   780 | D        | Noticed a red ugly thing
   780 | D        | Noticed a shining eye
   780 | D        | Noticed a spiny frog
   780 | D        | a spiny frog changed into a hog
   780 | D        | Gained mutation: You occasionally shout uncontrollably at
                  | your foes. [a neqoxec]
   785 | D        | Reached skill level 18 in Polearms
   796 | D        | Noticed a manticore
   796 | D        | a tarantella changed into a manticore
   809 | D        | Killed a red ugly thing
   819 | D        | Reached skill level 5 in Invocations
   822 | D        | Killed a shining eye
   822 | D        | Reached XP level 11. HP: 79/95 MP: 13/15
   829 | D        | Killed a manticore
   831 | D        | Found a transporter.
   835 | D        | Reached skill level 19 in Polearms
   835 | D        | Reached skill level 15 in Dodging
   847 | D        | Entered arena 12.
   847 | D        | Noticed a wretched star
   847 | D        | Noticed a bone dragon
   849 | D        | Identified a +7 trishula of holy wrath (a +5 demon trident
                  | blessed by the Shining One)
   849 | D        | Received a gift from the Shining One
   870 | D        | Killed a wretched star
   878 | D        | Killed a bone dragon
   878 | D        | Reached skill level 20 in Polearms
   880 | D        | Found a transporter.
   981 | D        | Entered arena 13.
   981 | D        | Noticed a deep elf mage
   981 | D        | Noticed a deep elf mage
   981 | D        | Noticed a deep elf blademaster
   981 | D        | Noticed a +1 war axe of chopping
   981 | D        | Noticed a deep elf archer
   983 | D        | Identified the ring "Hualini" {Wiz -Tele rElec rF+++ MP+9}
   983 | D        | Noticed a deep elf high priest
   983 | D        | Noticed a deep elf archer
   985 | D        | Noticed a deep elf sorcerer
   986 | D        | Noticed a deep elf archer
   994 | D        | Killed a +1 war axe of chopping
   994 | D        | Killed a deep elf mage
   995 | D        | Killed a deep elf blademaster
   995 | D        | Reached skill level 21 in Polearms
   995 | D        | Reached XP level 12. HP: 32/105 MP: 6/18
   998 | D        | The Shining One protects you from harm!
  1002 | D        | Killed a deep elf sorcerer
  1008 | D        | Killed a deep elf high priest
  1020 | D        | Reached skill level 22 in Polearms
  1022 | D        | Found a transporter.
  1033 | D        | Reached skill level 10 in Invocations
  1275 | D        | Got the ring of Neurosis {+Fly rF+ rCorr Int-5}
  1288 | D        | Entered arena 14.
  1289 | D        | Noticed a deep elf annihilator
  1289 | D        | Noticed a deep elf knight
  1289 | D        | Noticed a deep elf sorcerer
  1289 | D        | Noticed a deep elf sorcerer
  1296 | D        | Noticed a deep elf master archer
  1298 | D        | Noticed a deep elf sorcerer
  1299 | D        | Noticed a deep elf master archer
  1302 | D        | Killed a deep elf annihilator
  1302 | D        | Reached skill level 10 in Armour
  1304 | D        | Killed a deep elf sorcerer
  1304 | D        | Reached skill level 23 in Polearms
  1306 | D        | Killed a deep elf sorcerer
  1313 | D        | Shot with an arrow by a deep elf master archer

Levels and vault maps discovered:
D:        sprint_v [room_start, room_1, room_2, room_3, room_4, room_5, room_6,
          room_7, room_8, room_9, room_10, room_11, room_12, room_13, room_14,
          room_15, room_16, room_17, room_18, room_19, room_20, room_21,
          room_22, room_23, room_24, room_25, room_26, room_27]

Skill      XL: |  1  2  3  4  5  6  7  8  9 10 11 12 |
---------------+-------------------------------------+-----
Polearms       | 7 11 13 14 15 16 18 21 23 | 23.4
Armour         | 3 4 5 6 7 9 10 | 10.1
Shields        | 4 6 8 9 10 11 12 14 | 14.1
Fighting       | 4 5 7 8 10 11 13 14 | 14.5
Dodging        | 7 9 10 12 13 14 16 17 | 17.9
Invocations    | 5 8 11 | 11.2
Throwing       | |  2.0

Action                   |  1- 3 |  4- 6 |  7- 9 | 10-12 || total
-------------------------+-------+-------+-------+-------++-------
Melee: Lance             |    16 |    11 |    92 |   134 ||   253
       Trishula          |       |       |       |    14 ||    14
       Trident           |       |       |       |    36 ||    36
Invok: Cleansing Flame   |       |       |       |     8 ||     8
       Brand Weapon With |       |       |       |     1 ||     1
  Use: Potion            |     2 |     1 |     3 |     2 ||     8
  Eat: Chunk             |       |       |       |     2 ||     2
Armor: Storm dragon scal |     9 |     1 |    21 |    54 ||    85
Dodge: Dodged            |     4 |     2 |    31 |    88 ||   125
Block: Shield            |    10 |     3 |    47 |   175 ||   235

Table legend:
 A = Non-vault XP
 B = Vault XP
 C = Vault XP percentage of total XP
 D = Non-vault monster count
 E = Vault monster count
 F = Vault count percentage of total count
                 A         B        C        D         E       F
            +---------+---------+-------+---------+---------+-------
      Total |       0 |   30915 | 100.0 |       0 |      77 | 100.0
            +---------+---------+-------+---------+---------+-------
          D |       0 |   30915 | 100.0 |       0 |      77 | 100.0
            +---------+---------+-------+---------+---------+-------
